 Dungeon Crawl Stone Soup version 0.22-a0-395-gfed312b (webtiles) character file.

15 4thArraOfDagon the Magician (level 2, -3/19 HPs)
             Began as a Mummy Fire Elementalist on May 3, 2018.
             Slain by an orc
             ... wielding a +0 hand axe
              (6 damage)
             ... on level 3 of the Dungeon.
             The game lasted 00:01:08 (364 turns).

4thArraOfDagon the Magician (MuFE)                   Turns: 364, Time: 00:01:08

Health: -3/19      AC:  2    Str: 11    XL:     2   Next: 34%
Magic:  1/6        EV: 12    Int: 14    God:
Gold:   13         SH:  0    Dex: 12    Spells: 6/7 levels left

rFire    x . .     SeeInvis .   (no weapon)
rCold    + . .     Gourm    .   (no shield)
rNeg     + + +     Faith    .   a - +0 robe
rPois    ∞         Spirit   .   (no helmet)
rElec    .         Reflect  .   (no cloak)
rCorr    .         Harm     .   (no gloves)
MR       .....                  (no boots)
Stlth    ++........             (no amulet)
HPRegen  0.06/turn              (no ring)
MPRegen  0.10/turn              (no ring)

@: no status effects
A: no food or potions, fire vulnerability, cold resistance 1, negative energy
resistance 3, torment resistance, unbreathing
a: no special abilities


You were on level 3 of the Dungeon.
You were not hungry.

You visited 1 branch of the dungeon, and saw 3 of its levels.

You collected 13 gold pieces.

Inventory:

Missiles
 d - 2 javelins (quivered)
Armour
 a - a +0 robe (worn)
Scrolls
 b - 2 scrolls of identify {unknown}
 c - a scroll of teleportation {unknown}
 e - a scroll of enchant armour {unknown}


   Skills:
 - Level 1.5 Dodging
 - Level 1.5 Stealth
 + Level 3.0 Spellcasting
 * Level 1.3 Conjurations
 * Level 2.7 Fire Magic


You had 6 spell levels left.
You knew the following spells:

 Your Spells              Type           Power        Failure   Level  Hunger
a - Flame Tongue          Conj/Fire      #....        10%         1    N/A

Dungeon Overview and Level Annotations

Branches:
Dungeon (3/15)

Altars:
Fedhas
Zin

Shops:
D:2 *


Innate Abilities, Weirdness & Mutations

You do not eat or drink.
Your flesh is vulnerable to fire.
You are immune to poison.
Your flesh is cold resistant. (rC+)
You are immune to negative energy. (rN+++)
You are immune to unholy pain and torment.
You can survive without breathing.


Message History

The orc barely misses you.
Casting: Flame Tongue (safe; 10% risk of failure)
Confirm with . or Enter, or press ? or * to list all spells.
Aiming: Flame Tongue (safe; 10% risk of failure)
Press: ? - help, Shift-Dir - straight line, f/p - orc
Aim: an orc, wielding a hand axe The flame tongue misses the orc.
The flame tongue hits the orc.
You kill the orc!
Your Spellcasting skill increases to level 3!
The orc hits you with a hand axe.
* * * LOW HITPOINT WARNING * * *
Casting: Flame Tongue (safe; 10% risk of failure)
Confirm with . or Enter, or press ? or * to list all spells.
Aiming: Flame Tongue (safe; 10% risk of failure)
Press: ? - help, Shift-Dir - straight line, f/p - orc
Aim: an orc, wielding a hand axe The flame tongue hits the orc.
The orc is heavily wounded.
The orc hits you with a hand axe.
You die...

#.# .. #.# .# #
#.# .#.###
#######.###.....#
.$..$...o.oo....#
######.###o......
#.# !r...##
#.########r#
.....#
.......@oo.#
######
############


You could see 2 orcs and a rat.

Vanquished Creatures
  A leopard gecko (D:2)
  An orc (D:3)
  A bat (D:1)
  3 goblins (D:2)
  2 hobgoblins (D:1)
  A ball python (D:1)
  2 frilled lizards (D:1)
  A rat (D:2)
12 creatures vanquished.

Notes
Turn   | Place    | Note
-------+----------+-------------------------------------------
     0 | D:1      | 4thArraOfDagon the Mummy Fire Elementalist began the quest for the Orb.
     0 | D:1      | Reached XP level 1. HP: 13/13 MP: 4/4
    78 | D:1      | Reached skill level 1 in Conjurations
   119 | D:2      | Found Zin's Purification Station.
   119 | D:2      | Found a glowing silver altar of Zin.
   177 | D:2      | Found a blossoming altar of Fedhas.
   245 | D:2      | Reached XP level 2. HP: 18/19 MP: 2/5
   363 | D:3      | Reached skill level 3 in Spellcasting
   364 | D:3      | Slain by an orc

Vault maps used:
D:1:      minmay_arrival_semitransparent
D:2:      zin_purify, grunt_temple_overflow_open, fedhas_altar_4
D:3:      gup_sewer_entry_bowl, minivault_19, uniq_jessica

Skill      XL: |  1  2 |
---------------+-------+-----
Conjurations   | 1 |  1.3
Spellcasting   | 3 |  3.0
Dodging        | |  1.5
Stealth        | |  1.5
Fire Magic     | |  2.7

Action                   || total
-------------------------++-------
Melee: Unarmed           ||     5
 Cast: Flame Tongue      ||    21
Armor: Robe              ||     1
Dodge: Dodged            ||     7

Table legend:
 A = Spawn XP
 B = Non-spawn XP
 C = Spawn XP percentage of total XP
 D = Spawn monster count
 E = Non-spawn monster count
 F = Spawn count percentage of total count
 G = Total turns spent on level
                    A         B        C        D         E        F      G
               +---------+---------+-------+---------+---------+-------+---------
         Total |       0 |      22 |   0.0 |       0 |      12 |   0.0 |   364
               +---------+---------+-------+---------+---------+-------+---------
           D:1 |       0 |       9 |   0.0 |       0 |       6 |   0.0 |   126
           D:2 |       0 |      10 |   0.0 |       0 |       5 |   0.0 |   220
           D:3 |       0 |       3 |   0.0 |       0 |       1 |   0.0 |    18
               +---------+---------+-------+---------+---------+-------+---------
